 Dungeon Crawl Stone Soup version 0.26.1-11-gd32895ea62 (webtiles) character file.

Game seed: 5830265572455461121

233 Zeld the Cutter (level 5, 0/25 HPs)
             Began as a Spriggan Brigand on May 31, 2021.
             Was an Initiate of Fedhas.
             Killed by divine providence
             ... invoked by an orc priest
              (17 damage)
             ... on level 4 of the Dungeon on June 1, 2021.
             The game lasted 00:06:25 (7430 turns).

Zeld the Cutter (Spriggan Brigand)                  Turns: 7430, Time: 00:06:25

Health: 0/25       AC:  3    Str:  7    XL:     5   Next: 74%
Magic:  6/6        EV: 17    Int: 12    God:    Fedhas [......]
Gold:   153        SH:  0    Dex: 19    Spells: 4/4 levels left

rFire    . . .     SeeInvis +   a - +2 dagger
rCold    . . .     Faith    .   (shield restricted)
rNeg     . . .     Spirit   .   b - +0 robe
rPois    .         Reflect  .   (helmet restricted)
rElec    .         Harm     .   c - +0 cloak
rCorr    .         Rampage  .   (gloves unavailable)
Will     .....                  (boots unavailable)
Stlth    +++.......             (no amulet)
HPRegen  0.08/turn              (no ring)
MPRegen  0.10/turn              (no ring)

@: very quick
A: very small, unfitting armour, see invisible, speed 3
a: Renounce Religion


You were on level 4 of the Dungeon.
You worshipped Fedhas.
Fedhas was noncommittal.
You visited 1 branch of the dungeon, and saw 4 of its levels.

You collected 153 gold pieces.

Inventory:

Hand Weapons
 a - a +2 dagger (weapon)
Missiles
 d - 8 poisoned darts (quivered)
 e - 19 curare-tipped darts
 l - a throwing net
Armour
 b - a +0 robe (worn)
 c - a +0 cloak (worn)
Jewellery
 f - an uncursed ring of resist corrosion {unknown}
Scrolls
 j - a scroll of random uselessness {unknown}
 k - 3 scrolls of blinking {unknown}
 m - 3 scrolls of identify {unknown}
 n - 2 scrolls of remove curse {unknown}
 r - a scroll of teleportation {unknown}
 s - a scroll of enchant armour {unknown}
 u - a scroll of enchant weapon {unknown}
Potions
 g - a potion of curing {unknown}
 h - 2 potions of heal wounds {unknown}
 i - a potion of ambrosia {unknown}
 o - a potion of degeneration {unknown}
 p - 2 potions of magic {unknown}
 q - a potion of brilliance {unknown}
 t - a potion of invisibility {unknown}


   Skills:
 - Level 1.5 Fighting
 * Level 6.7 Short Blades
 - Level 2.0 Throwing
 - Level 1.5 Dodging
 - Level 5.8 Stealth


You had 4 spell levels left.
You didn't know any spells.
Your spell library was empty.

Dungeon Overview and Level Annotations

Branches:
Dungeon (4/15)
 Temple: D:4-7

Altars:
Cheibriados
Dithmenos
Fedhas


Innate Abilities, Weirdness & Mutations

You are very small and have problems with some larger weapons.
You are too small for most types of armour.
You have supernaturally acute eyesight. (SInv)
You cover ground extremely quickly.


Message History

There is a stone staircase leading up here.
You see here 4 stones.
You climb upwards.
There is a stone staircase leading down here.
You start waiting.
Done waiting.
You start waiting.
Done waiting.
You climb downwards.
The orc throws a stone.
The stone misses you.
There is a stone staircase leading up here.
You see here 5 stones.
The hound barks!
You hit the orc priest but do no damage.
The orc priest hits you with a +0 whip!
You closely miss the orc priest.
The orc priest calls down the wrath of Beogh upon you.
Beogh smites you!
Ouch! That really hurt!
You die...
Fedhas appreciates your contribution to the ecosystem.

#o###### .
#.oo...# ...
######(# ##.##
#.#.....
###.#..# ##
#......#...
#..[#....##
#..###oo......
#..h(.@.....##
#.###########


You could see a hound, an orc priest and an orc.

Vanquished Creatures
  A bullfrog skeleton (D:4)
  An orc priest (D:3)
  A centaur skeleton (D:4)
  A worker ant (D:4)
  7 adders
  An ooze (D:2)
  4 leopard geckos
  6 orcs
  3 giant cockroaches
  2 goblins
  7 hobgoblins
  3 kobolds
  A quokka (D:4)
  6 bats
  3 frilled lizards
  3 rats
50 creatures vanquished.

Notes
Turn   | Place    | Note
-------+----------+-------------------------------------------
     0 | D:1      | Zeld the Spriggan Brigand began the quest for the Orb.
     0 | D:1      | Reached XP level 1. HP: 10/10 MP: 2/2
   442 | D:1      | Reached skill level 3 in Short Blades
   442 | D:1      | Reached XP level 2. HP: 8/14 MP: 3/3
  1385 | D:2      | Reached XP level 3. HP: 18/18 MP: 4/4
  1408 | D:2      | Reached skill level 4 in Short Blades
  2241 | D:3      | Found a shadowy altar of Dithmenos.
  2310 | D:3      | Reached XP level 4. HP: 22/22 MP: 5/5
  2542 | D:3      | Reached skill level 5 in Short Blades
  3431 | D:3      | Found a snail-covered altar of Cheibriados.
  3431 | D:3      | Found a blossoming altar of Fedhas.
  3499 | D:3      | Became a worshipper of Fedhas Madash
  4167 | D:4      | Reached XP level 5. HP: 16/25 MP: 6/6
  4617 | D:4      | Reached skill level 6 in Short Blades
  4647 | D:4      | Noticed an ogre
  7430 | D:4      | Killed from afar by an orc priest

Illustrated notes

Levels and vault maps discovered:
D:1:      lemuel_arrival_tunnels, layout_loops_ring
D:2:      layout_loops_ring
D:3:      layout_loops_ring, gammafunk_temple_overflow_elements,
          grunt_dithmenos_smoke
D:4:      layout_basic, uniq_eustachio, uniq_ijyb, uniq_duvessa

Skill      XL: |  1  2  3  4  5 |
---------------+----------------+-----
Short Blades   | 3 4 5 6 |  6.7
Fighting       | |  1.5
Throwing       | |  2.0
Dodging        | |  1.5
Stealth        | |  5.8

Action                   |  1- 3 |  4- 6 || total
-------------------------+-------+-------++-------
Melee: Dagger            |    80 |   175 ||   255
 Stab: Sleeping          |    16 |     5 ||    21
Armor: Robe              |     9 |    13 ||    22
Dodge: Dodged            |    41 |    91 ||   132
